 Dungeon Crawl Stone Soup version 0.23.2 (webtiles) character file.

Game seed: 9714163355921863222

792 Morbidden the Poker (level 7, -2/49 HPs)
             Began as an Octopode Fighter on Apr 6, 2019.
             Killed by divine providence
             ... invoked by an orc priest
              (9 damage)
             ... on level 5 of the Dungeon.
             The game lasted 00:09:38 (3767 turns).

Morbidden the Poker (Octopode Fighter)              Turns: 3767, Time: 00:09:39

Health: -2/49      AC:  3    Str: 16    XL:     7   Next: 88%
Magic:  7/7        EV: 12    Int: 10    God:
Gold:   198        SH:  9    Dex: 13    Spells: 6/6 levels left

rFire    . . .     SeeInvis .   a - +0 trident
rCold    . . .     Gourm    .   b - +0 shield
rNeg     . . .     Faith    .   v - +2 hat
rPois    .         Spirit   .   j - amulet of magic regeneration
rElec    .         Reflect  .   f - ring of wizardry
rCorr    .         Harm     .   (no ring)
MR       .....                  (no ring)
Stlth    ++++......             (no ring)
HPRegen  0.16/turn              (no ring)
MPRegen  0.35/turn              (no ring)
                                (no ring)
                                (no ring)

@: no status effects
A: almost no armour, stealthy swim, amphibious, 8 rings, constrict 8, camouflage
1, gelatinous body 1
a: no special abilities


You were on level 5 of the Dungeon.
You were not hungry.

You visited 1 branch of the dungeon, and saw 5 of its levels.

You collected 198 gold pieces.

Inventory:

Hand Weapons
 a - a +0 trident (weapon)
Armour
 b - a +0 shield (worn)
 v - a +2 hat (worn)
Jewellery
 f - a ring of wizardry (left tentacle)
 j - an amulet of magic regeneration (around mantle)
 n - an uncursed ring of ice
 t - a cursed amulet of inaccuracy {unknown}
Wands
 A - a wand of iceblast (11)
Scrolls
 h - 2 scrolls of teleportation {unknown}
 l - 3 scrolls of fog {unknown}
 m - 3 scrolls of remove curse
 p - a scroll of identify
 q - a scroll of magic mapping {unknown}
 r - a scroll of blinking {unknown}
 s - 2 scrolls of immolation {unknown}
 x - a scroll of noise {unknown}
 y - a scroll of random uselessness {unknown}
Potions
 c - a potion of might
 e - a potion of flight
 g - 2 potions of heal wounds {unknown}
 i - a potion of berserk rage {unknown}
 k - 2 potions of curing
 o - a potion of brilliance {unknown}
 u - a potion of invisibility {unknown}
 w - a potion of lignification {unknown}
Comestibles
 d - 13 rations
 z - 2 chunks of flesh


   Skills:
 * Level 4.7 Fighting
 * Level 6.3 Polearms
 + Level 3.6 Dodging
 + Level 4.3 Stealth
 + Level 3.9 Shields


You had 6 spell levels left.
You didn't know any spells.
Your spell library contained the following spells:

 Spells                   Type           Power        Failure   Level  Hunger
 Beastly Appendage        Tmut           #.....       52%         1    ##.....
 Sticks to Snakes         Tmut           #.......     65%         2    ###....
 Spider Form              Tmut/Pois      #.........   86%         3    ####...
 Ice Form                 Ice/Tmut       #.......     99%         4    #####..
 Blade Hands              Tmut           #.........   100%        5    ######.


Dungeon Overview and Level Annotations

Branches:
Dungeon (5/15)
 Temple: D:4-7

Altars:
Ashenzari
Fedhas
Qazlal
Beogh

Annotations:
D:4 3 runed translucent doors, luab's ghost, amateur GnSk


Innate Abilities, Weirdness & Mutations

You cannot wear most types of armour.
You are very stealthy in the water. (Stealth+)
You are amphibious.
You can wear up to eight rings at the same time.
You can use your tentacles to constrict eight enemies at once.
Your skin changes colour to match your surroundings (Stealth+).
Your rubbery body absorbs attacks. (AC +1, EV +1)


Message History

Unknown command.
Found an escape hatch in the ceiling.
The orc priest looks satisfied for a moment.
The orc priest looks encouraged for a moment.
The orc wizard mumbles some strange words.
The orc wizard blinks!
The orc priest begins to cast a cantrip, but forgets the words!
The iguana bites you!
* * * LOW HITPOINT WARNING * * *
Unknown command.
Unknown command.
Unknown command.
The orc wizard casts a spell at you. You resist with some effort.
The orc wizard casts a spell.
The orc wizard blinks!
Unknown command.
The orc priest invokes the aid of Beogh against you.
Beogh smites you!
You die...

#.......... ♣... .. #.........♣
#♣.# . #....>....♣ ♣.. .
#......##.♣# #♣.. ... #.
#......##..♣♣♣..# #.......#
#.###.# #..##.......# #.......#
..<#.###......###... #.......#
#.#..###..##.# #... #......####
#.@...##..##.###... ##.......g.#
##.##l..#.......#...
#.......)..###..###..#.#.#.#.#...
#......)#o..o.o##...)....#.#.....
#...§...#..###.g.......).#.###..#
##.........###....#........####.#
##............§.###........###.#
#..............# #.<..#.†...#..
#..............# #...)#..#.....


You could see an iguana and 2 orc priests.

Vanquished Creatures
  A necrophage (D:5)
  3 ogres (D:5)
  A howler monkey (D:4)
  A hound (D:4)
  2 jellies
  2 orc priests
  An iguana (D:5)
  2 worker ants (D:5)
  4 gnolls (D:4)
  7 adders
  An adder skeleton (D:5)
  2 worms
  3 dart slugs
  2 leopard geckos
  10 orcs
  A ball python (D:1)
  3 giant cockroaches
  5 goblins
  6 hobgoblins
  7 jackals
  4 kobolds
  2 quokkas
  7 bats
  5 frilled lizards
  7 rats
89 creatures vanquished.

Notes
Turn   | Place    | Note
-------+----------+-------------------------------------------
     0 | D:1      | Morbidden the Octopode Fighter began the quest for the Orb.
     0 | D:1      | Reached XP level 1. HP: 16/16 MP: 1/1
   226 | D:1      | Reached XP level 2. HP: 21/21 MP: 2/2
   898 | D:2      | Reached XP level 3. HP: 26/26 MP: 3/3
   994 | D:2      | Reached skill level 1 in Stealth
   994 | D:2      | Reached XP level 4. HP: 13/31 MP: 4/4
  1242 | D:2      | Reached skill level 3 in Polearms
  1412 | D:2      | Reached XP level 5. HP: 35/37 MP: 5/5
  1800 | D:3      | Found a blossoming altar of Fedhas.
  2348 | D:4      | Found a shattered altar of Ashenzari.
  2515 | D:4      | Found a runed translucent gate.
  2521 | D:4      | Found a runed translucent gate.
  2522 | D:4      | Found a runed translucent gate.
  2525 | D:4      | Noticed luab's ghost (amateur GnSk)
  2525 | D:4      | Identified the +9 hand axe of the Fool {pain, MR+ Str-3
                  | Int+4}
  2531 | D:4      | Noticed an orc warrior
  2785 | D:4      | Found a roughly hewn altar of Beogh.
  2798 | D:4      | Reached skill level 4 in Polearms
  2810 | D:4      | Reached XP level 6. HP: 19/43 MP: 6/6
  3122 | D:5      | Entered Level 5 of the Dungeon
  3158 | D:5      | Reached skill level 5 in Polearms
  3158 | D:5      | Reached XP level 7. HP: 37/48 MP: 7/7
  3198 | D:5      | Reached skill level 6 in Polearms
  3688 | D:5      | Found a stormy altar of Qazlal.
  3767 | D:5      | Killed from afar by an orc priest

Skill      XL: |  1  2  3  4  5  6  7 |
---------------+----------------------+-----
Stealth        | 1 2 3 4 |  4.3
Polearms       | 3 4 5 6 |  6.3
Fighting       | 4 |  4.7
Dodging        | |  3.6
Shields        | |  3.9

Action                   |  1- 3 |  4- 6 |  7- 9 || total
-------------------------+-------+-------+-------++-------
Melee: Trident           |    46 |   118 |    37 ||   201
       Constrict         |    11 |    21 |     9 ||    41
       Tentacles         |     8 |    13 |     9 ||    30
Evoke: Wand              |       |       |     2 ||     2
  Use: Scroll            |     1 |     1 |       ||     2
       Potion            |       |     2 |       ||     2
 Stab: Sleeping          |     6 |    10 |     3 ||    19
       Distracted        |       |       |     1 ||     1
  Eat: Chunk             |       |     7 |     2 ||     9
Armor: Skin              |     3 |     4 |       ||     7
Dodge: Dodged            |    16 |    41 |    10 ||    67
Block: Shield            |    14 |    33 |    17 ||    64
